 Seeded DCSS version 0.28.0-53-g5a82cb258f (webtiles) character file.

Game seed: 9581929281390380060 (custom seed)

23362 Kranky the Slinger (level 13, -1/86 (98) HPs)
             Began as a Gnoll Wanderer on June 27, 2022.
             Was the Champion of Okawaru.
             Slain by Rupert
             ... wielding a +0 great mace of draining
              (13 damage)
             ... on level 2 of the Lair of Beasts.
             The game lasted 00:39:08 (13885 turns).

Kranky the Slinger (Gnoll Wanderer)                Turns: 13885, Time: 00:39:09

HP:   -1/86 (98)    AC: 16    Str: 12    XL:     13   Next: 6%
MP:   35/35         EV: 16    Int: 10    God:    Okawaru [******]
Gold: 758           SH:  0    Dex: 22    Spells: 27/30 levels left

rFire   + . .      SeeInvis .   T - +8 rapier "Kiddul" {freeze, rElec rF+ rN+}
rCold   + . .      Faith    .   (no shield)
rNeg    + . .      Spirit   .   W - +5 ring mail of Kuplaum {*Slow rPois rC+ rCorr Dex+4}
rPois   +          Reflect  .   n - +2 hat
rElec   +          Harm     .   B - +0 cloak
rCorr   +          Rampage  .   (no gloves)
Will    ++...      NoTele   +   w - +0 pair of boots "Jywebuep" {-Tele rElec Regen+}
Stlth   ++++......              E - amulet of regeneration
HPRegen 1.84/turn               D - ring of willpower
MPRegen 0.24/turn               K - ring "Loahiz" {Will+ rCorr MP+9}

@: hasted, heavily drained, very quick
A: fangs 1, strong nose, distributed training
a: Renounce Religion, Heroism, Finesse, Duel


You were on level 2 of the Lair of Beasts.
You worshipped Okawaru.
Okawaru was exalted by your worship.
You visited 3 branches of the dungeon, and saw 14 of its levels.
You also visited: Sewer.

You collected 758 gold pieces.

Inventory:

Hand Weapons
 g - a +4 longbow of freezing
 T - the +8 rapier "Kiddul" (weapon) {freeze, rElec rF+ rN+}
   (You took it off an orc on level 7 of the Dungeon)

   It freezes those it strikes, dealing additional cold damage.
   It can also slow down cold-blooded creatures.
   rF:        It protects you from fire.
   rElec:     It insulates you from electricity.
   rN:        It protects you from negative energy.
 Y - the +10 spear of Byses {holy, Int+6 Stlth+}
   (You found it on level 9 of the Dungeon)

   It has been blessed by the Shining One to cause great damage to the undead
   and demons.
   Int:       It affects your intelligence (+6).
   Stlth:     It makes you more stealthy.
Missiles
 c - 36 poisoned darts (quivered)
 F - 6 curare-tipped darts
 G - 3 atropa-tipped darts
Armour
 n - a +2 hat (worn)
 w - the +0 pair of boots "Jywebuep" (worn) {-Tele rElec Regen+}
   (You found it on level 4 of the Dungeon)

   rElec:     It insulates you from electricity.
   -Tele:     It prevents most forms of teleportation.
   Regen:     It increases your rate of health regeneration.
 B - a +0 cloak (worn)
 W - the +5 ring mail of Kuplaum (worn) {*Slow rPois rC+ rCorr Dex+4}
   (Okawaru gifted it to you on level 9 of the Dungeon)

   Dex:       It affects your dexterity (+4).
   rC:        It protects you from cold.
   rPois:     It protects you from poison.
   rCorr:     It protects you from acid and corrosion.
   *Slow:     It may slow you when you take damage.
 Z - a +0 plate armour of fire resistance
Jewellery
 a - a ring of resist corrosion
 m - a ring of wizardry
 o - a +4 ring of protection
 r - an amulet of faith
 D - a ring of willpower (left hand)
 E - an amulet of regeneration (around neck)
 I - a ring of flight
 K - the ring "Loahiz" (right hand) {Will+ rCorr MP+9}
   (You found it in a sewer)

   [ring of resist corrosion]

   MP:        It affects your magic capacity (+9).
   rCorr:     It protects you from acid and corrosion.
   Will:      It increases your willpower.
 M - a ring of protection from cold
Wands
 d - a wand of paralysis (6)
 q - a wand of digging (8)
 A - a wand of acid (13)
 P - a wand of flame (38)
 X - a wand of iceblast (6)
Scrolls
 f - 4 scrolls of identify
 k - a scroll of fog {unknown}
 l - 2 scrolls of holy word {unknown}
 p - 5 scrolls of blinking
 s - a scroll of amnesia
 t - 5 scrolls of teleportation
 u - a scroll of summoning {unknown}
 y - a scroll of enchant weapon
 C - a scroll of brand weapon {unknown}
 H - a scroll of fear {unknown}
 J - a scroll of magic mapping {unknown}
 L - a scroll of noise {unknown}
 R - a scroll of enchant armour {unknown}
 U - a scroll of immolation {unknown}
Potions
 b - a potion of resistance {unknown}
 h - 4 potions of haste
 i - 7 potions of heal wounds
 j - 4 potions of lignification
 v - 6 potions of curing
 x - a potion of ambrosia
 z - 8 potions of flight
 N - a potion of magic
 O - a potion of experience {unknown}


   Skills:
 + Level 7.9 Fighting
 + Level 7.9 Short Blades
 + Level 7.9 Long Blades
 + Level 7.9 Axes
 + Level 7.9 Maces & Flails
 + Level 7.9 Polearms
 + Level 7.9 Staves
 + Level 10.3 Slings
 + Level 7.9 Bows
 + Level 7.9 Crossbows
 + Level 8.4 Throwing
 + Level 8.4 Armour
 + Level 7.9 Dodging
 + Level 8.3 Stealth
 + Level 7.9 Shields
 + Level 7.9 Unarmed Combat
 + Level 9.4 Spellcasting
 + Level 6.5 Conjurations
 + Level 6.5 Hexes
 + Level 6.5 Summonings
 + Level 6.5 Necromancy
 + Level 6.5 Translocations
 + Level 6.5 Transmutations
 + Level 6.5 Fire Magic
 + Level 7.7 Ice Magic
 + Level 6.5 Air Magic
 + Level 6.5 Earth Magic
 + Level 6.5 Poison Magic
 + Level 8.6 Invocations
 + Level 7.9 Evocations


You had 27 spell levels left.
You knew the following spells:

 Your Spells              Type           Power      Damage    Failure   Level
a - Freeze                Ice            80%        1d9       1%          1
b - Ensorcelled Hibernat  Hex/Ice        38%        N/A       2%          2

Your spell library contained the following spells:

 Spells                   Type           Power      Damage    Failure   Level
 Beastly Appendage        Tmut           34%        N/A       1%          1
 Wereblood                Tmut           17%        N/A       3%          2
 Spider Form              Tmut/Pois      17%        N/A       6%          3
 Passage of Golubria      Tloc           17%        N/A       19%         4
 Yara's Violent Unravell  Hex/Tmut       8%         3d5       47%         5
 Tukima's Dance           Hex            Unusable   N/A       N/A         3
 Summon Ice Beast         Ice/Summ       Unusable   N/A       N/A         4

Dungeon Overview and Level Annotations

Branches:
Dungeon (10/15)            Temple (1/1) D:5            Lair (3/6) D:8
  Swamp (0/4) Lair:2       Spider (0/4) Lair:2          Orc (0/2) D:10
  Sewer (visited)

Altars:
Ashenzari
Cheibriados
Dithmenos
Elyvilon
Fedhas
Gozag
Hepliaklqana
Kikubaaqudgha
Makhleb
Nemelex Xobeh
Okawaru
Qazlal
Ru
Sif Muna
Trog
Uskayaw
Vehumet
Wu Jian
Xom
Yredelemnul
Zin
The Shining One
Jiyva

Shops:
D:1 =

Annotations:
D:7 1 runed translucent door
Lair:1 3 runed translucent doors, Unaleu Ezij's ghost, journeyman DrTm
Lair:2 Rupert


Innate Abilities, Weirdness & Mutations

You have very sharp teeth.
Your uncanny sense of smell can sniff out nearby items.
Your experience applies equally to all skills.


Message History

A killer bee comes into view.
Rupert misses you.
A killer bee comes into view.
There is a stone staircase leading up, spattered with blood here.
You're wearing all the rings you can.
Remove which one? (? for menu, Esc to cancel) < or
o - a +4 ring of protection > or
K - the ring "Loahiz" {Will+ rCorr MP+9} You remove your +4 ring of protection.
Rupert roars madly and goes into a rage!
Rupert goes berserk!
D - a ring of willpower (left hand) Rupert closely misses you.
The killer bee buzzes angrily.
You hear an angry buzzing noise.
The killer bee buzzes angrily.
Rupert hits you with a +0 great mace of draining!!
You partially resist.
You feel drained.
The queen bee buzzes angrily.
The killer bee buzzes angrily.
You climb upwards.
There is a stone staircase leading down here.
You closely miss Rupert. Rupert barely misses you.
You puncture Rupert! You freeze Rupert. You bite Rupert, but do no damage.
Rupert is lightly wounded.
Rupert hits you with a +0 great mace of draining!!
You partially resist.
You feel drained.
Rupert hits you with a +0 great mace of draining!
You partially resist.
You feel drained.
Rupert rages.
Rupert hits you with a +0 great mace of draining!
* * * LOW HITPOINT WARNING * * *
You partially resist.
You feel drained.
* * * LOW HITPOINT WARNING * * *
Okay, then.
You feel yourself speed up.
Rupert hits you with a +0 great mace of draining!
* * * LOW HITPOINT WARNING * * *
You partially resist.
You feel drained.
* * * LOW HITPOINT WARNING * * *
Rupert hits you with a +0 great mace of draining!
You die...

##....#...........## #.#...
##....##...........## ##....
#.##..P#..........#.# #...#
#####..#...........### ##P...
##...............#.# #.....
#.................## ###...
#PP....[..........#### #...
##..........>......#.###...
#.......@@................
#.........................
###....>............##......
##.................######..#.
#P.........#......## #.##.
##..#..........#..#######.##.
##..##...............P#.....##
#.#....#.#.#...###.....##P...#
###....#.###.###......ยงยง###...


You could see Rupert (berserk).

Vanquished Creatures
  Gastronok (D:8)
  Erolcha (D:9)
  A hydra (Lair:1)
  2 centaur warriors
  A two-headed ogre (D:7)
  2 deep elf pyromancers (D:9)
  A wolf spider (Lair:2)
  2 ugly things (D:9)
  A faun (shapeshifter) (D:9)
  3 cyclopes (D:9)
  6 elephants (Lair:2)
  Joseph (D:9)
  A torpor snail (Lair:2)
  5 cane toads
  Maggie (D:10)
  A kobold demonologist (D:9)
  3 hornets
  2 trolls
  A wraith (D:10)
  19 yaks
  3 wyverns
  A basilisk (Lair:1)
  A vampire mosquito (D:7)
  A warg (D:10)
  Duvessa (D:6)
  3 orc warriors
  3 water moccasins (Lair:2)
  A sky beast (D:5)
  2 ice beasts
  A hornet zombie (D:8)
  A necrophage (D:5)
  6 wolves (Lair:2)
  2 black bears
  3 centaurs
  3 phantoms
  10 bullfrogs
  3 kobold brigands
  A wyvern zombie (D:8)
  9 scorpions
  Dowan (D:6)
  18 killer bees
  5 wights (D:7)
  2 howler monkeys
  11 electric eels
  A centaur zombie (D:9)
  A hound (D:6)
  7 orc priests
  3 jellies
  3 bullfrog skeletons
  A gnoll shaman (D:8)
  Crazy Yiuf (D:4)
  Jessica (D:2)
  5 iguanas
  4 orc wizards
  A scorpion zombie (D:5)
  A merfolk avatar (Sewer)
  A merfolk siren (Sewer)
  A mummy (D:8)
  2 howler monkey zombies
  14 adders
  4 gnolls (D:8)
  A howler monkey skeleton (D:6)
  3 river rats
  A white imp (D:7)
  4 ufetubi
  2 adder skeletons (D:4)
  5 worms
  4 dart slugs
  16 orcs
  11 ball pythons
  5 endoplasms
  12 giant cockroaches
  10 goblins
  4 hobgoblins (D:1)
  25 kobolds
  9 quokkas
  9 bats
  7 frilled lizards
  3 hobgoblin zombies (D:8)
  An orc zombie (D:8)
  25 rats
355 creatures vanquished.

Vanquished Creatures (others)
  2 kobolds (D:8)
  5 fungi
  21 plants
28 creatures vanquished.

Grand Total: 383 creatures vanquished

Notes
Turn   | Place    | Note
-------+----------+-------------------------------------------
     0 | D:1      | Kranky the Gnoll Wanderer began the quest for the Orb.
     0 | D:1      | Kranky set off with the following items: a +0 hunting
                  | sling, 22 sling bullets, 10 poisoned darts, a +0 dagger, a
                  | +0 leather armour; and the following spell memorised:
                  | Freeze; and the following spells available to memorise:
                  | Ensorcelled Hibernation, Summon Ice Beast
     0 | D:1      | Reached XP level 1. HP: 13/13 MP: 6/6
   287 | D:1      | Reached XP level 2. HP: 19/19 MP: 7/7
   538 | D:1      | Found Wez Hiax's Jewellery Shoppe.
   771 | D:1      | Reached XP level 3. HP: 25/25 MP: 9/9
   809 | D:1      | Reached skill level 5 in Spellcasting
  1398 | D:2      | Reached skill level 1 in Invocations
  1646 | D:2      | Found a faded altar of an unknown god.
  1713 | D:2      | Reached skill level 1 in Fighting
  1713 | D:2      | Reached skill level 1 in Short Blades
  1713 | D:2      | Reached skill level 1 in Long Blades
  1713 | D:2      | Reached skill level 1 in Axes
  1713 | D:2      | Reached skill level 1 in Maces & Flails
  1713 | D:2      | Reached skill level 1 in Polearms
  1713 | D:2      | Reached skill level 1 in Staves
  1713 | D:2      | Reached skill level 1 in Bows
  1713 | D:2      | Reached skill level 1 in Crossbows
  1713 | D:2      | Reached skill level 1 in Dodging
  1713 | D:2      | Reached skill level 1 in Shields
  1713 | D:2      | Reached skill level 1 in Unarmed Combat
  1713 | D:2      | Reached skill level 1 in Evocations
  1858 | D:2      | Found a shimmering altar of Xom.
  1892 | D:2      | Noticed Jessica
  1902 | D:2      | Killed Jessica
  1903 | D:2      | Reached XP level 4. HP: 16/32 MP: 11/11
  2272 | D:2      | Reached skill level 1 in Conjurations
  2272 | D:2      | Reached skill level 1 in Hexes
  2272 | D:2      | Reached skill level 1 in Summonings
  2272 | D:2      | Reached skill level 1 in Necromancy
  2272 | D:2      | Reached skill level 1 in Translocations
  2272 | D:2      | Reached skill level 1 in Transmutations
  2272 | D:2      | Reached skill level 1 in Fire Magic
  2272 | D:2      | Reached skill level 1 in Air Magic
  2272 | D:2      | Reached skill level 1 in Earth Magic
  2272 | D:2      | Reached skill level 1 in Poison Magic
  2632 | D:3      | Reached XP level 5. HP: 37/37 MP: 8/12
  3396 | D:3      | Reached XP level 6. HP: 44/44 MP: 13/13
  3627 | D:4      | Identified the +0 pair of boots "Jywebuep" {-Tele rElec
                  | Regen+}
  3699 | D:4      | Learned a level 2 spell: Ensorcelled Hibernation
  3876 | D:4      | Found a runed translucent door.
  3877 | D:4      | Noticed Crazy Yiuf
  4079 | D:4      | Killed Crazy Yiuf
  4155 | D:5      | Entered Level 5 of the Dungeon
  4450 | D:5      | Reached XP level 7. HP: 47/50 MP: 15/15
  4498 | D:5      | Reached skill level 7 in Slings
  5293 | D:5      | Reached XP level 8. HP: 54/57 MP: 16/16
  5446 | D:5      | Found a staircase to the Ecumenical Temple.
  5451 | Temple   | Entered the Ecumenical Temple
  5458 | Temple   | Became a worshipper of Warmaster Okawaru
  5801 | D:6      | Found a glowing drain.
  5813 | Sewer    | Entered a sewer
  5928 | Sewer    | Reached * piety under Okawaru
  6155 | Sewer    | Identified the ring "Loahiz" {Will+ rCorr MP+9}
  6450 | D:6      | Noticed Dowan
  6452 | D:6      | Noticed Duvessa
  6534 | D:6      | Killed Duvessa
  6544 | D:5      | Reached skill level 5 in Ice Magic
  6544 | D:5      | Reached XP level 9. HP: 41/65 MP: 18/18
  6581 | D:6      | Killed Dowan
  6939 | D:7      | Reached ** piety under Okawaru
  7260 | D:7      | Identified the +8 rapier "Kiddul" {freeze, rElec rF+ rN+}
  7334 | D:7      | Reached skill level 5 in Throwing
  7334 | D:7      | Reached skill level 5 in Armour
  7372 | D:7      | Found a runed translucent door.
  7373 | D:7      | Found a runed translucent door.
  7378 | D:7      | Reached skill level 5 in Stealth
  7384 | D:7      | Reached skill level 8 in Slings
  7422 | D:7      | Reached skill level 5 in Invocations
  7854 | D:8      | Noticed a two-headed ogre
  7873 | D:7      | Killed a two-headed ogre
  7873 | D:7      | Reached *** piety under Okawaru
  7874 | D:7      | Reached XP level 10. HP: 51/73 MP: 20/20
  7946 | D:8      | Found a staircase to the Lair.
  7956 | D:8      | Noticed Gastronok
  8022 | D:8      | Killed Gastronok
  8023 | D:8      | Reached skill level 5 in Fighting
  8023 | D:8      | Reached skill level 5 in Short Blades
  8023 | D:8      | Reached skill level 5 in Long Blades
  8023 | D:8      | Reached skill level 5 in Axes
  8023 | D:8      | Reached skill level 5 in Maces & Flails
  8023 | D:8      | Reached skill level 5 in Polearms
  8023 | D:8      | Reached skill level 5 in Staves
  8023 | D:8      | Reached skill level 5 in Bows
  8023 | D:8      | Reached skill level 5 in Crossbows
  8023 | D:8      | Reached skill level 5 in Dodging
  8023 | D:8      | Reached skill level 5 in Shields
  8023 | D:8      | Reached skill level 5 in Unarmed Combat
  8023 | D:8      | Reached skill level 5 in Evocations
  8118 | D:8      | Reached **** piety under Okawaru
  8202 | D:8      | Received a gift from Okawaru
  8999 | D:8      | Found a white marble altar of Elyvilon.
  9008 | D:8      | Paralysed by a hornet for 3 turns
  9174 | D:9      | Noticed a centaur warrior
  9185 | D:9      | Killed a centaur warrior
  9185 | D:9      | Received a gift from Okawaru
  9191 | D:9      | Reached XP level 11. HP: 70/81 MP: 22/22
  9246 | D:9      | Received a gift from Okawaru
  9321 | D:9      | Noticed a soul eater
  9355 | D:9      | Reached skill level 9 in Slings
  9413 | D:9      | Reached skill level 5 in Conjurations
  9413 | D:9      | Reached skill level 5 in Hexes
  9413 | D:9      | Reached skill level 5 in Summonings
  9413 | D:9      | Reached skill level 5 in Necromancy
  9413 | D:9      | Reached skill level 5 in Translocations
  9413 | D:9      | Reached skill level 5 in Transmutations
  9413 | D:9      | Reached skill level 5 in Fire Magic
  9413 | D:9      | Reached skill level 5 in Air Magic
  9413 | D:9      | Reached skill level 5 in Earth Magic
  9413 | D:9      | Reached skill level 5 in Poison Magic
  9436 | D:8      | Received a gift from Okawaru
  9698 | D:9      | Noticed Joseph
  9715 | D:9      | Killed Joseph
  9988 | D:9      | Reached ***** piety under Okawaru
 10020 | D:9      | Noticed Erolcha
 10037 | D:9      | Killed Erolcha
 10037 | D:9      | Received a gift from Okawaru
 10350 | D:9      | Noticed a cyclops
 10350 | D:9      | Noticed a deep elf pyromancer
 10350 | D:9      | Noticed a green ugly thing
 10350 | D:9      | Noticed a cyclops
 10350 | D:9      | Noticed a cyclops
 10350 | D:9      | Noticed a red ugly thing
 10350 | D:9      | Noticed a deep elf pyromancer
 10374 | D:9      | Killed a red ugly thing
 10374 | D:9      | Identified the +5 ring mail of Kuplaum {*Slow rPois rC+
                  | rCorr Dex+4} (Okawaru gifted it to you on level 9 of the
                  | Dungeon)
 10374 | D:9      | Received a gift from Okawaru
 10385 | D:9      | Killed a deep elf pyromancer
 10411 | D:9      | Noticed a faun
 10422 | D:9      | Killed a faun
 10441 | D:9      | Killed a cyclops
 10469 | D:9      | Killed a cyclops
 10498 | D:9      | Killed a green ugly thing
 10707 | D:9      | Killed a deep elf pyromancer
 10734 | D:9      | Killed a cyclops
 10735 | D:9      | Reached XP level 12. HP: 89/89 MP: 24/24
 10742 | D:9      | Identified the +10 spear of Byses {holy, Int+6 Stlth+}
 10820 | D:10     | Entered Level 10 of the Dungeon
 10823 | D:10     | Noticed Maggie
 10833 | D:10     | Killed Maggie
 11183 | D:10     | Found a staircase to the Orcish Mines.
 11192 | D:10     | Noticed a centaur warrior
 11208 | D:10     | Killed a centaur warrior
 11641 | Lair:1   | Entered Level 1 of the Lair of Beasts
 11714 | Lair:1   | Noticed a five-headed hydra
 11739 | Lair:1   | Killed a five-headed hydra
 11856 | Lair:1   | Received a gift from Okawaru
 12016 | Lair:1   | Found a runed translucent gate.
 12016 | Lair:1   | Found a runed translucent gate.
 12017 | Lair:1   | Found a runed translucent gate.
 12018 | Lair:1   | Noticed Unaleu Ezij's ghost (journeyman DrTm)
 12022 | Lair:1   | Found a viscous altar of Jiyva.
 12610 | Lair:2   | Reached skill level 10 in Slings
 12921 | Lair:2   | Found a hole to the Spider Nest.
 13139 | Lair:2   | Found a staircase to the Swamp.
 13215 | Lair:2   | Received a gift from Okawaru
 13778 | Lair:2   | Reached XP level 13. HP: 98/98 MP: 26/26
 13788 | Lair:3   | Noticed Rupert
 13856 | Lair:2   | Reached ****** piety under Okawaru
 13856 | Lair:2   | Received a gift from Okawaru
 13885 | Lair:2   | Slain by Rupert

Illustrated notes

Levels and vault maps discovered:
D:1:      psy_arrival_basics, layout_loops_corners, serial_shops,
          nicolae_shop_crystal, minmay_nonomino_d4
D:2:      minmay_door_path, layout_basic, basic_altar,
          ebering_ecumenical_altar_webs, st_stairs_14, uniq_jessica
D:3:      layout_basic, due_unseen_surprise
D:4:      layout_cave_pools, uniq_crazy_yiuf_cottage
D:5:      layout_basic, minmay_temple_entry_nine_rooms
D:6:      layout_rooms, gup_sewer_entry_bubbles, serial_bayou_pond_e,
          uniq_duvessa
D:7:      lemuel_insect_pit, layout_basic
D:8:      layout_loops_corners, lemuel_round_altar, dpeg_oklobed_lair,
          serial_bayou, serial_bayou_shore_a, serial_bayou_lagoon_a,
          serial_bayou_shore_b, serial_bayou_crossing, minivault_14,
          minmay_mini_ossuary, uniq_gastronok
D:9:      minmay_the_grid_triangle_9x9_rhombus_thin
          [minmay_the_grid_triangle_9x9_stretched_checkered,
          minmay_the_grid_triangle_9x9_prize_top_heavy,
          minmay_the_grid_triangle_9x9_pentomino_pain,
          minmay_the_grid_triangle_9x9_shrine], layout_grid_maze, minivault_24,
          uniq_joseph, uniq_erolcha
D:10:     layout_gridville, david_orc_1_choice, minmay_misc_feat_four_crosses,
          uniq_maggie
Temple:   grunt_wide_crystal_templ
Lair:1:   layout_chaotic_city, gammafunk_ghost_ooze,
          nicolae_lair_grove_arrangements, st_stairs_4
Lair:2:   layout_cave_shapes, minmay_swamp_entry_eels, spider_nest_entry_rubble
Lair:3:   layout_roguey, special_room [special_room_bee], basic_altar,
          grunt_megastairs_5, infiniplex_staircase_pool_2, lemuel_fruit_tree,
          uniq_urug, uniq_rupert, uniq_sonja

Skill      XL: |  1  2  3  4  5  6  7  8  9 10 11 12 |
---------------+-------------------------------------+-----
Spellcasting   | 5 6 7 8 9 |  9.4
Invocations    | 1 2 3 4 5 6 7 8 |  8.6
Fighting       | 1 2 3 4 5 6 7 |  7.9
Short Blades   | 1 2 3 4 5 6 7 |  7.9
Long Blades    | 1 2 3 4 5 6 7 |  7.9
Axes           | 1 2 3 4 5 6 7 |  7.9
Maces & Flails | 1 2 3 4 5 6 7 |  7.9
Polearms       | 1 2 3 4 5 6 7 |  7.9
Staves         | 1 2 3 4 5 6 7 |  7.9
Bows           | 1 2 3 4 5 6 7 |  7.9
Crossbows      | 1 2 3 4 5 6 7 |  7.9
Dodging        | 1 2 3 4 5 6 7 |  7.9
Shields        | 1 2 3 4 5 6 7 |  7.9
Unarmed Combat | 1 2 3 4 5 6 7 |  7.9
Evocations     | 1 2 3 4 5 6 7 |  7.9
Conjurations   | 1 2 3 4 5 6 |  6.5
Hexes          | 1 2 3 4 5 6 |  6.5
Summonings     | 1 2 3 4 5 6 |  6.5
Necromancy     | 1 2 3 4 5 6 |  6.5
Translocations | 1 2 3 4 5 6 |  6.5
Transmutations | 1 2 3 4 5 6 |  6.5
Fire Magic     | 1 2 3 4 5 6 |  6.5
Air Magic      | 1 2 3 4 5 6 |  6.5
Earth Magic    | 1 2 3 4 5 6 |  6.5
Poison Magic   | 1 2 3 4 5 6 |  6.5
Throwing       | 3 4 5 6 7 8 |  8.4
Armour         | 3 4 5 6 7 8 |  8.4
Ice Magic      | 4 5 6 7 |  7.7
Stealth        | 3 4 5 6 7 8 |  8.3
Slings         | 7 8 9 10 | 10.3

Action                   |  1- 3 |  4- 6 |  7- 9 | 10-12 | 13-15 || total
-------------------------+-------+-------+-------+-------+-------++-------
Melee: Dagger            |       |    45 |   588 |       |       ||   633
       Bite              |       |     7 |    88 |   105 |     8 ||   208
       Whip              |       |     6 |    16 |       |       ||    22
       Punch             |       |     1 |    27 |    47 |     3 ||    78
       Rapier            |       |       |    84 |   753 |    47 ||   884
 Fire: Hunting sling     |   114 |   122 |    19 |       |       ||   255
Throw: Dart              |       |       |     4 |     6 |       ||    10
 Cast: Freeze            |    21 |    24 |    20 |     3 |       ||    68
  Use: Scroll            |       |       |       |    11 |       ||    11
       Potion            |       |       |       |       |     1 ||     1
 Stab: Sleeping          |       |     1 |    14 |    10 |       ||    25
       Distracted        |       |       |       |     3 |       ||     3
       Invisible         |       |       |       |     3 |       ||     3
Armor: Leather armour    |     9 |    32 |   199 |       |       ||   240
       Ring mail         |       |       |    37 |   349 |    42 ||   428
Dodge: Dodged            |    14 |    44 |   393 |   520 |    85 ||  1056
